 Dungeon Crawl Stone Soup version 0.19.5 (webtiles) character file.

58 epen the Insei (level 3, -1/29 HPs)
             Began as a Draconian Transmuter on Aug 3, 2017.
             Slain by a bullfrog (6 damage)
             ... on level 3 of the Dungeon.
             The game lasted 00:04:06 (2984 turns).

epen the Insei (Draconian Transmuter)               Turns: 2984, Time: 00:04:07

Health: -1/29      AC:  5    Str:  9 (12) XL:     3   Next: 76%
Magic:  6/6        EV: 12    Int: 12 (13) God:
Gold:   47         SH:  5    Dex:  9 (12) Spells: 3 memorised, 0 levels left

rFire  . . .     SeeInvis .       - Unarmed
rCold  . . .     Gourm    .     (armour unavailable)
rNeg   . . .     Faith    .     (no shield)
rPois  .         Spirit   .     (helmet restricted)
rElec  .         Reflect  +     (no cloak)
rCorr  .         Harm     .     (no gloves)
MR     .....                    (no boots)
Stlth  +.........               m - +5 amulet of reflection
                                (no ring)
                                (no ring)

@: no status effects
A: unfitting armour, cold-blooded, AC +5
a: no special abilities


You were on level 3 of the Dungeon.
You were hungry.

You visited 1 branch of the dungeon, and saw 3 of its levels.

You collected 47 gold pieces.

Inventory:

Missiles
 a - 26 arrows
Jewellery
 f - an uncursed amulet of rage
 m - a +5 amulet of reflection (around neck)
 n - an uncursed ring of resist corrosion {unknown}
Scrolls
 e - a scroll of random uselessness {unknown}
 g - a scroll of blinking {unknown}
 k - 2 scrolls of identify {unknown}
 l - a scroll of immolation {unknown}
 o - a scroll of enchant weapon {unknown}
Books
 b - a book of Changes

   Spells                             Type                      Level
   a - Beastly Appendage              Transmutation                1
   b - Sticks to Snakes               Transmutation                2
   c - Spider Form                    Transmutation/Poison         3
   d - Ice Form                       Ice/Transmutation            4
   e - Blade Hands                    Transmutation                5
Comestibles
 c - 3 bread rations
 d - a beef jerky
 h - a meat ration
 i - a slice of pizza


   Skills:
 + Level 1.7 Fighting
 + Level 2.3 Dodging
 * Level 3.6 Unarmed Combat
 + Level 2.3 Spellcasting
 + Level 2.4 Transmutations


You couldn't memorise any spells.
You knew the following spells:

 Your Spells              Type           Power        Failure   Level  Hunger
a - Beastly Appendage     Tmut           #.....       12%         1    ##.....
b - Sticks to Snakes      Tmut           #.......     14%         2    ###....
c - Spider Form           Tmut/Pois      #.........   56%         3    ####...


Dungeon Overview and Level Annotations

Branches:
Dungeon (3/15)

Altars:
Gozag

Annotations:
D:2 Robin


Innate Abilities, Weirdness & Mutations

Your plain brown scales are hard. (AC +5)
You cannot fit into any form of body armour.
You are cold-blooded and may be slowed by cold attacks.


Message History

The bullfrog hits you but does no damage.
You hit the bullfrog but do no damage.
The bullfrog is lightly wounded.
The bullfrog swells and bulges.
The bullfrog hits you. The bullfrog misses you.
You hit the bullfrog but do no damage.
The bullfrog is lightly wounded.
The bullfrog hits you.
You hit the bullfrog.
The bullfrog is moderately wounded.
The bullfrog hits you.
You closely miss the bullfrog. You tail-slap the bullfrog.
The bullfrog is heavily wounded.
The bullfrog hits you! The bullfrog hits you.
* * * LOW HITPOINT WARNING * * *
It was a potion of degeneration.
There was something very wrong with that liquid.
You feel weakened.
You feel dopey.
You feel clumsy. The bullfrog hits you.
You die...

#.# #.#
#$### #...
##..# ...
#.####.##.#
#..<..@...#
..###.#F####
.. ..# ##
...# #....
##... ##.#
#..


You could see a bullfrog.

Vanquished Creatures
  2 adders (D:2)
  A worm (D:2)
  A dart slug (D:2)
  2 leopard geckos (D:2)
  A bat (D:2)
  2 giant cockroaches (D:1)
  5 goblins
  7 hobgoblins
  A frilled lizard (D:2)
  7 kobolds
  3 rats (D:1)
32 creatures vanquished.

Notes
Turn   | Place    | Note
-------+----------+-------------------------------------------
     0 | D:1      | epen the Draconian Transmuter began the quest for the Orb.
     0 | D:1      | Reached XP level 1. HP: 16/16 MP: 3/3
   495 | D:1      | Reached XP level 2. HP: 16/23 MP: 5/5
  1411 | D:2      | Found an opulent altar of Gozag.
  1733 | D:2      | Learned a level 2 spell: Sticks to Snakes
  1744 | D:2      | Noticed Robin
  1751 | D:1      | Reached XP level 3. HP: 19/28 MP: 6/6
  2971 | D:2      | Learned a level 3 spell: Spider Form
  2972 | D:3      | Noticed a bullfrog
  2984 | D:3      | Slain by a bullfrog

Skill      XL: |  1  2 |
---------------+-------+-----
Dodging        | 2 |  2.3
Fighting       | |  1.7
Unarmed Combat | |  3.6
Spellcasting   | |  2.3
Transmutations | |  2.4

Action                   || total
-------------------------++-------
Melee: Unarmed           ||   145
       Tailslap          ||    17
       Punch             ||     1
 Cast: Sticks to Snakes  ||     4
  Use: Potion            ||     3
  Eat: Chunk             ||     6
Armor: Skin              ||    49
Dodge: Dodged            ||    98
Block: Other             ||     2
